 Dungeon Crawl Stone Soup version 0.28-a0-1435-g82390b3a13 (webtiles) character file.

Game seed: 3573316125111334249

42 MacCMillion the Skirmisher (level 3, 0/29 HPs)
             Began as a Demonspawn Fighter on Jan 9, 2022.
             Slain by an iguana (4 damage)
             ... on level 3 of the Dungeon.
             The game lasted 00:04:18 (1703 turns).

MacCMillion the Skirmisher (Demonspawn Fighter)     Turns: 1703, Time: 00:04:19

Health: 0/29       AC:  7    Str: 18    XL:     3   Next: 33%
Magic:  3/3        EV:  9    Int:  9    God:
Gold:   44         SH:  4    Dex: 12    Spells: 2/2 levels left

rFire   . . .      SeeInvis .   a - +0 rapier
rCold   . . .      Faith    .   c - +0 buckler
rNeg    . . .      Spirit   .   b - +0 scale mail
rPois   .          Reflect  .   (no helmet)
rElec   .          Harm     .   (no cloak)
rCorr   .          Rampage  .   i - +0 pair of gloves
Will    .....                   (no boots)
Stlth   ..........              (no amulet)
HPRegen 0.09/turn               (no ring)
MPRegen 0.08/turn               (no ring)

@: no status effects
A: powered by death 2
a: no special abilities


You were on level 3 of the Dungeon.
You visited 1 branch of the dungeon, and saw 3 of its levels.

You collected 44 gold pieces.

Inventory:

Hand Weapons
 a - a +0 rapier (weapon)
Armour
 b - a +0 scale mail (worn)
 c - a +0 buckler (worn)
 i - a +0 pair of gloves (worn)
Scrolls
 e - a scroll of vulnerability {unknown}
 f - a scroll of noise {unknown}
 h - a scroll of identify {unknown}
 j - 2 scrolls of fear {unknown}
 m - a scroll of teleportation {unknown}
Potions
 d - a potion of might
 g - 3 potions of attraction {unknown}
 k - a potion of curing {unknown}
 l - a potion of flight {unknown}


   Skills:
 + Level 3.4 Fighting
 + Level 2.3 Short Blades
 + Level 3.1 Armour
 + Level 3.0 Shields


You had 2 spell levels left.
You didn't know any spells.
Your spell library contained the following spells:

 Spells                   Type           Power      Damage    Failure   Level
 Shock                    Conj/Air       0%         1d3       86%         1
 Stone Arrow              Conj/Erth      0%         3d7       99%         3
 Swiftness                Air            0%         N/A       99%         3
 Airstrike                Air            0%         N/A       100%        4
 Animate Armour           Summ/Erth      0%         N/A       100%        4
 Lehudib's Crystal Spear  Conj/Erth      0%         10d2      100%        8


Dungeon Overview and Level Annotations

Branches:
Dungeon (3/15)

Altars:

Shops:
D:2 (

Annotations:
D:2 Sigmund


Innate Abilities, Weirdness & Mutations

You regenerate health from kills.


Message History

You completely miss the iguana. You block the iguana's attack.
You hit the iguana.
The iguana is lightly wounded.
The iguana bites you.
You hit the iguana but do no damage.
The iguana is lightly wounded.
The iguana closely misses you.
You puncture the iguana!
The iguana is heavily wounded.
The iguana bites you.
You hit the iguana but do no damage.
The iguana is heavily wounded.
The iguana bites you but does no damage.
You hit the iguana but do no damage.
The iguana is heavily wounded.
The iguana bites you. x2
* * * LOW HITPOINT WARNING * * *
There is a stone staircase leading down, spattered with blood here.
The iguana hisses menacingly.
There is a stone staircase leading down, spattered with blood here.
There is a stone staircase leading down, spattered with blood here.
There is a stone staircase leading down, spattered with blood here.
Sigmund shouts!
Sigmund points at you and mumbles some strange words.
You are confused.
You're too confused to move!
The iguana barely misses you.
Sigmund points at you and mumbles some strange words.
The puff of flame hits you.
Unknown command.
You bump into the rock wall.
The iguana bites you.
You bump into the rock wall.
The iguana closely misses you.
Unknown command.
You feel less confused.
There is a stone staircase leading down, spattered with blood here.
The iguana bites you.
* * * LOW HITPOINT WARNING * * *
You climb downwards.
There is a stone staircase leading up here.
The iguana bites you.
You die...

##.# ##.#.#
##..#.# #...#.#
# #...#.#
#.#...#.#
#.#...#.#
#...l.#.#
#.#.#@#.#
#.#.#.# #.#.#.#
# #.#.#.#
#####.###.#.#.#
......#.....#.#
#..)#...#.#
......#.#...#.#
#######.#...#.#


You could see an iguana.

Vanquished Creatures
  An adder (D:2)
  2 dart slugs
  6 ball pythons
  5 bats
  3 endoplasms (D:1)
  2 goblins (D:1)
  A hobgoblin (D:1)
  3 kobolds (D:1)
  A quokka (D:2)
  3 frilled lizards
  2 rats (D:1)
29 creatures vanquished.

Notes
Turn   | Place    | Note
-------+----------+-------------------------------------------
     0 | D:1      | MacCMillion the Demonspawn Fighter began the quest for the
                  | Orb.
     0 | D:1      | Reached XP level 1. HP: 18/18 MP: 1/1
    81 | D:1      | Gained mutation: You regenerate a little health from kills.
                  | [demonic ancestry]
    81 | D:1      | Reached XP level 2. HP: 13/24 MP: 2/2
   842 | D:2      | Gained mutation: You regenerate health from kills. [demonic
                  | ancestry]
   842 | D:2      | Reached XP level 3. HP: 29/29 MP: 3/3
   929 | D:2      | Noticed Sigmund
  1013 | D:2      | Found Sefaphasi's Antique Weapon Shoppe.
  1218 | D:2      | Found a faded altar of an unknown god.
  1703 | D:3      | Slain by an iguana

Illustrated notes

Levels and vault maps discovered:
D:1:      lemuel_arrival_behind_the_door_small, layout_basic,
          chequers_serial_rivers_small_a
D:2:      layout_loops_ring, serial_shops, nicolae_shop_stone,
          shapermc_ecumenical_altar_venn, hex_large, uniq_sigmund
D:3:      layout_basic, kennysheep_cluttered_room

Skill      XL: |  1  2 |
---------------+-------+-----
Short Blades   | 2 |  2.3
Armour         | 3 |  3.1
Shields        | 3 |  3.0
Fighting       | |  3.4

Action                   || total
-------------------------++-------
Melee: Rapier            ||    96
Armor: Scale mail        ||    65
Dodge: Dodged            ||    66
Block: Buckler           ||    30

Table legend: (Time is in decaauts)
 A = Elapsed time spent in this place.
 B = Non-inter-level travel time spent in this place.
 C = Inter-level travel time spent in this place.
 D = Time resting spent in this place.
 E = Time spent auto-exploring this place.
 F = Levels seen in this place.
 G = Mean time per level.
                   A        B        C        D        E       F      G
               +--------+--------+--------+--------+--------+-----+--------+
         Total |   1718 |   1647 |     71 |    476 |    722 |   3 |  572.7 |
       Dungeon |   1718 |   1647 |     71 |    476 |    722 |   3 |  572.7 |
               +--------+--------+--------+--------+--------+-----+--------+

Top non-repeatable levels by time:
     D:1: 817 daAuts
     D:2: 545 daAuts
     D:3: 356 daAuts
